 Dungeon Crawl Stone Soup version 0.18-a0-1203-gbde16db (webtiles) character file.

9 4thArraOfDagon the Ogre Mage (level 2, 2/27 HPs)
             Began as an Ogre Enchanter on Jan 31, 2016.
             Quit the game on level 3 of the Dungeon.
             The game lasted 00:03:09 (452 turns).

4thArraOfDagon the Ogre Mage (Ogre Enchanter)        Turns: 452, Time: 00:03:09

Health: 2/27       AC:  4    Str: 12    XL:     2   Next: 16%
Magic:  0/5        EV: 10    Int: 14    God:
Gold:   14         SH:  0    Dex: 10    Spells: 2 memorised, 2 levels left

rFire  + . .     SeeInvis .     a - +1 dagger
rCold  . . .     Gourm    .     b - +1 robe
rNeg   . . .     Faith    .     (no shield)
rPois  .         Spirit   .     (helmet restricted)
rElec  .         Dismiss  .     (no cloak)
rCorr  .         Reflect  .     (gloves unavailable)
SustAt .         Harm     .     (boots unavailable)
MR     .....                    (no amulet)
Stlth  ++........               (no ring)
                                (no ring)

@: lethally poisoned (2 -> -26), very slightly contaminated, not resistant to
hostile enchantments, unstealthy
A: unfitting armour, deterioration 1, fire resistance 1, slow regeneration 1,
tough skin 1
a: no special abilities


You were on level 3 of the Dungeon.
You were not hungry.

You visited 1 branch of the dungeon, and saw 3 of its levels.

You collected 14 gold pieces.

Inventory:

Hand Weapons
 a - a +1 dagger (weapon)
 f - a +0 club
Armour
 b - a +1 robe (worn)
Scrolls
 e - a scroll of fog {unknown}
 l - a scroll of random uselessness {unknown}
Potions
 j - a potion of brilliance
Books
 c - a book of Maledictions

   Spells                             Type                      Level
   a - Corona                         Hexes                        1
   b - Ensorcelled Hibernation        Hexes/Ice                    2
   c - Confuse                        Hexes                        3
   d - Tukima's Dance                 Hexes                        3
   e - Dazzling Spray                 Conjuration/Hexes            3
Comestibles
 d - a bread ration
 h - 3 fruits


   Skills:
 - Level 1.1 Fighting
 - Level 0.5 Short Blades
 * Level 1.8 Maces & Flails
 - Level 1.7 Dodging
 - Level 2.4 Stealth
 - Level 2.4 Spellcasting
 - Level 2.1 Hexes


You had 2 spell levels left.
You knew the following spells:

 Your Spells              Type           Power        Failure   Level  Hunger
a - Corona                Hex            #......      12%         1    #......
b - Ensorcelled Hibernat  Hex/Ice        #.....       24%         2    ###....


Dungeon Overview and Level Annotations

Branches:
Dungeon (3/15)

Altars:


Innate Abilities, Weirdness & Mutations

You are too large for most types of armour.
You have tough skin (AC +1).
Your body sometimes deteriorates upon taking damage.
Your flesh is heat resistant.
You regenerate slowly when monsters are visible.


Message History

The adder poisons you!
You hit the adder.
The adder is lightly wounded.
You feel sick. The adder barely misses you. The adder bites you.
You are more poisoned.
The adder poisons you!
You barely miss the adder.
The adder is lightly wounded.
* * * LOW HITPOINT WARNING * * *
You feel sick. The adder bites you.
* * * LOW HITPOINT WARNING * * *
You are more poisoned.
The adder poisons you!
You hit the adder.
The adder is heavily wounded.
* * * LOW HITPOINT WARNING * * *
You feel sick. The adder bites you.
* * * LOW HITPOINT WARNING * * *
Unknown command.
Are you sure you want to abandon this character and quit the game? (Confirm with "yes".) ## #..######..# #.....@S..# ###########

You could see an adder.

Vanquished Creatures
  A bat (D:2)
  A giant cockroach (D:1)
  A goblin (D:1)
  3 hobgoblins (D:2)
  A giant newt (D:1)
  A rat (D:2)
8 creatures vanquished.

Notes
Turn   | Place    | Note
--------------------------------------------------------------
     0 | D:1      | 4thArraOfDagon the Ogre Enchanter began the quest for the Orb.
     0 | D:1      | Reached XP level 1. HP: 16/16 MP: 3/3
   124 | D:2      | Reached skill level 1 in Fighting
   220 | D:2      | 4thArraOfDagon: its cool
   231 | D:2      | Reached skill level 1 in Maces & Flails
   245 | D:1      | 4thArraOfDagon: for '83 in UK
   245 | D:1      | 4thArraOfDagon: haha
   249 | D:1      | Reached XP level 2. HP: 22/27 MP: 0/5
   301 | D:1      | Learned a level 2 spell: Ensorcelled Hibernation
   447 | D:3      | Gained mutation: You regenerate slowly when monsters are visible. [potion of mutation]
   447 | D:3      | Gained mutation: Your body sometimes deteriorates upon taking damage. [potion of mutation]
   447 | D:3      | Gained mutation: Your flesh is heat resistant. [potion of mutation]
   452 | D:3      | Quit the game

Vault maps used:
D:1:      minmay_arrival_wavy_path, hex_tiny
D:2:      grunt_ministairs_15
D:3:      led_sif_pool, serial_glass, glass_columns_c, glass_columns_a

Action                   || total
-------------------------++-------
Melee: Dagger            ||    44
 Cast: Corona            ||     8
       Ensorcelled Hiber ||     3
  Use: Potion            ||     2
       Scroll            ||     3
 Stab: Sleeping          ||     1
